 Dungeon Crawl Stone Soup version 0.18.1-48-g4cf74bf (webtiles) character file.

130 DungeonyCrawlthano the Insei (level 4, -3/35 HPs)
             Began as a Demonspawn Monk on Aug 13, 2016.
             Slain by an ogre
             ... wielding a +0 giant club
              (18 damage)
             ... on level 4 of the Dungeon.
             The game lasted 00:05:08 (3432 turns).

DungeonyCrawlthano the Insei (Demonspawn Monk)      Turns: 3432, Time: 00:05:08

Health: -3/35      AC:  9    Str: 11    XL:     4   Next: 89%
Magic:  4/4        EV: 13    Int: 11    God:
Gold:   142        SH:  0    Dex: 17    Spells: 0 memorised, 3 levels left

rFire  . . .     SeeInvis .       - Unarmed
rCold  . . .     Gourm    .     a - +1 robe
rNeg   . . .     Faith    .     (no shield)
rPois  .         Spirit   .     (helmet restricted)
rElec  .         Dismiss  .     l - +0 cloak
rCorr  .         Reflect  .     o - +0 pair of gloves
SustAt .         Harm     .     (no boots)
MR     .....                    (no amulet)
Stlth  ++........               (no ring)
                                (no ring)

@: not resistant to hostile enchantments, unstealthy
A: antennae 1, iridescent scales 1
a: no special abilities


You were on level 4 of the Dungeon.
You were not hungry.

You visited 1 branch of the dungeon, and saw 4 of its levels.

You collected 142 gold pieces.

Inventory:

Armour
 a - a +1 robe (worn)
 l - a +0 cloak (worn)
 o - a +0 pair of gloves (worn)
Jewellery
 r - a +2 ring of intelligence {unknown}
Scrolls
 m - a scroll of teleportation
 n - a scroll of recharging
Potions
 c - a potion of mutation
 d - a potion of magic {unknown}
 e - a potion of curing {unknown}
 f - a potion of berserk rage {unknown}
 g - a potion of haste {unknown}
 h - a potion of ambrosia {unknown}
 j - a potion of heal wounds {unknown}
 k - a potion of cancellation {unknown}
 s - a potion of degeneration {unknown}
Comestibles
 b - 4 bread rations
 i - a beef jerky
 p - a meat ration
 q - a slice of pizza


   Skills:
 - Level 3.0 Fighting
 - Level 2.6 Dodging
 - Level 1.7 Stealth
 + Level 5.7 Unarmed Combat


You had 3 spell levels left.
You didn't know any spells.

Dungeon Overview and Level Annotations

Branches:
Dungeon (4/15)
 Temple: D:4-7

Altars:
Gozag
Kikubaaqudgha
Ru
Sif Muna


Innate Abilities, Weirdness & Mutations

You have a pair of small antennae on your head.
You are partially covered in iridescent scales (AC +4).


Message History

There is an entrance to an ossuary on this level.
Hurry and find it before the portal is buried!
You hear the rapid hiss of a very distant avalanche of sand.
There is a stone staircase leading up here.
You hit the ogre.
The ogre is lightly wounded.
The ogre hits you with a giant club!
You hit the ogre but do no damage.
The ogre is lightly wounded.
You punch the ogre! You punch the ogre, but do no damage.
The ogre is moderately wounded.
The ogre hits you with a giant club!
Read which item? (? for menu, Esc to quit)
Okay, then.
Found a war axe.
Found a dagger.
Found a robe.
The ogre barely misses you. The ogre hits you with a giant club!!
Ouch! That really hurt!
You die...

.......................
.## #.....................
...## #...................
..[..####.............♣.♣.
.........÷................
......................♣...
.........................
.#.......<.........♣.♣.
#....@................
##..O.................
#..##..#........#..#.
#.......#####.##.####
#.......# #.....###
#.....#...# ##......##
##....##...###.........
#...####....>....###..
#..... ...###...## #.


You could see an ogre.

Vanquished Creatures
  A worker ant (D:3)
  An adder (D:2)
  A dart slug (D:1)
  3 giant geckos
  2 orcs (D:3)
  2 giant cockroaches
  15 goblins
  6 hobgoblins
  13 jackals
  3 quokkas
  A ball python (D:1)
  9 bats
  3 giant newts
  13 kobolds
  9 rats
  2 rat zombies (D:2)
84 creatures vanquished.

Notes
Turn   | Place    | Note
--------------------------------------------------------------
     0 | D:1      | DungeonyCrawlthano the Demonspawn Monk began the quest for the Orb.
     0 | D:1      | Reached XP level 1. HP: 18/18 MP: 1/1
    92 | D:1      | Reached skill level 4 in Unarmed Combat
   369 | D:1      | Gained mutation: You are partially covered in iridescent scales (AC +4). [demonic ancestry]
   369 | D:1      | Reached XP level 2. HP: 9/24 MP: 2/2
  1116 | D:1      | Reached XP level 3. HP: 28/29 MP: 3/3
  1623 | D:2      | Found an opulent altar of Gozag.
  1966 | D:2      | Reached skill level 5 in Unarmed Combat
  1969 | D:2      | Found an ancient bone altar of Kikubaaqudgha.
  2045 | D:2      | Gained mutation: You have a pair of small antennae on your head. [demonic ancestry]
  2045 | D:2      | Reached XP level 4. HP: 32/35 MP: 4/4
  2363 | D:3      | Found a sacrificial altar of Ru.
  2451 | D:3      | Found a deep blue altar of Sif Muna.
  2910 | D:4      | Noticed an ogre
  3265 | D:4      | Noticed an orc warrior
  3432 | D:4      | Slain by an ogre

Skill      XL: |  1  2  3 |
---------------+----------+-----
Unarmed Combat | 4 5 |  5.7
Fighting       | |  3.0
Dodging        | |  2.6
Stealth        | |  1.7

Action                   |  1- 3 |  4- 6 || total
-------------------------+-------+-------++-------
Melee: Unarmed           |   168 |   128 ||   296
       Punch             |     1 |     5 ||     6
  Use: Scroll            |     3 |     2 ||     5
 Stab: Sleeping          |     5 |     1 ||     6
       Distracted        |       |     1 ||     1
  Eat: Chunk             |     3 |     5 ||     8
Armor: Robe              |    70 |    53 ||   123
Dodge: Dodged            |   143 |   122 ||   265
